 Dungeon Crawl Stone Soup version 0.31.0-4-g52a2dc7128 (webtiles) character file.

Game seed: 16723661044554591355

621 BeingJoeMalik the Basher (level 7, -1/42 HPs)
             Began as a Gargoyle Monk on Jan 21, 2024.
             Was a Believer of Makhleb.
             Slain by a wight
             ... wielding a +0 great sword
              (9 damage)
             ... on level 6 of the Dungeon.
             The game lasted 00:11:18 (4212 turns).

BeingJoeMalik the Basher (Gargoyle Monk)            Turns: 4212, Time: 00:11:19

Health: -1/42      AC:  8    Str: 17    XL:     7   Next: 46%
Magic:  0/8        EV: 12    Int: 10    God:    Makhleb [**....]
Gold:   211        SH:  0    Dex: 12    Spells: 6/6 levels left

rFire   . . .        a - +0 mace
rCold   + . .        d - orb {light}
rNeg    + . .        b - +0 robe
rPois   ∞            m - +0 helmet
rElec   +            z - scarf {+Inv}
rCorr   +            (no gloves)
SInv    .            o - +0 pair of boots
Will    .....        g - amulet of guardian spirit
Stlth   +            D - ring of Voebb {rC+ rCorr Slay+3}
HPRegen 0.27/turn    (no ring)
MPRegen 0.11/turn

%: guardian spirit
@: glowing
A: sickness immunity, AC +4, negative energy resistance 1, electricity
resistance, torment resistance 1, petrification resistance
a: Renounce Religion, Evoke Invisibility, Minor Destruction


You were on level 6 of the Dungeon.
You worshipped Makhleb.
Makhleb was pleased with you.
You visited 2 branches of the dungeon, and saw 7 of its levels.

You collected 376 gold pieces.
You spent 165 gold pieces at shops.

Inventory:

Hand Weapons
 a - a +0 mace (weapon)
Missiles
 q - 11 poisoned darts (quivered)
Armour
 b - a +0 robe (worn)
 d - an orb of light (worn)
 m - a +0 helmet (worn)
 o - a +0 pair of boots (worn)
 z - a scarf of invisibility (worn)
Magical Staves
 p - a staff of death
Jewellery
 e - an amulet of magic regeneration
 g - an amulet of guardian spirit (around neck)
 D - the ring of Voebb (left hand) {rC+ rCorr Slay+3}
   (You found it on level 4 of the Dungeon)

   [ring of protection from cold]

   Slay+3:    It affects your accuracy & damage with ranged weapons and melee
   (+3).
   rC+:       It protects you from cold.
   rCorr:     It protects you from acid and corrosion.
Scrolls
 h - 9 scrolls of teleportation
 i - a scroll of acquirement {unknown}
 j - a scroll of revelation {unknown}
 r - a scroll of silence {unknown}
 t - a scroll of torment {unknown}
 w - a scroll of fear
 y - a scroll of blinking {unknown}
 A - a scroll of butterflies {unknown}
 B - 2 scrolls of vulnerability {unknown}
 C - 2 scrolls of enchant weapon
 E - 2 scrolls of immolation {unknown}
Potions
 c - a potion of ambrosia
 f - a potion of attraction {unknown}
 k - 2 potions of enlightenment
 l - a potion of haste {unknown}
 n - 2 potions of heal wounds
 u - 4 potions of might
 v - 2 potions of cancellation
 x - 3 potions of curing
 F - 2 potions of degeneration {unknown}
 G - a potion of magic {unknown}
 H - a potion of invisibility {unknown}


   Skills:
 + Level 3.8 Fighting
 + Level 8.0 Maces & Flails
 - Level 2.4 Dodging
 * Level 1.8 Invocations


You had 6 spell levels left.
You didn't know any spells.
Your spell library contained the following spells:

 Spells                   Type           Power      Damage    Failure   Level
 Sting                    Conj/Alch      0%         1d3       36%         1
 Mercury Vapours          Alch/Air       0%         N/A       50%         2
 Olgreb's Toxic Radiance  Alch           0%         N/A       98%         4


Dungeon Overview and Level Annotations

Branches:
Dungeon (6/15)             Temple (1/1) D:5

Altars:
Ashenzari
Cheibriados
Dithmenos
Elyvilon
Fedhas
Hepliaklqana
Kikubaaqudgha
Makhleb
Nemelex Xobeh
Okawaru
Qazlal
Ru
Sif Muna
Trog
Uskayaw
Vehumet
Wu Jian
Xom
Zin
The Shining One

Shops:
D:2 ?   D:4 (   D:6 :[


Innate Abilities, Weirdness & Mutations

You are immune to sickness and miasma.
Your stone body is resilient. (AC +4)
You are immune to poison.
You resist negative energy. (rN+)
You are resistant to electric shocks. (rElec)
You are resistant to unholy torment.
You are immune to petrification.


Message History

The wight hits you with a +0 morningstar.
You sock the wight!
The wight is almost destroyed.
The wight hits you with a +0 morningstar.
You sock the wight!
You destroy the wight!
Makhleb accepts your kill.
Your Maces & Flails skill increases to level 8!
You hit the wight but do no damage.
The wight hits you with a +0 great sword.
You thump the wight!
The wight is heavily damaged.
The wight barely misses you.
You hit the wight but do no damage.
The wight is heavily damaged.
The wight closely misses you.
You barely miss the wight.
The wight is heavily damaged.
The wight hits you with a +0 great sword!
You hit the wight.
The wight is severely damaged.
The wight misses you.
You hit the wight but do no damage.
The wight is severely damaged.
The wight hits you with a +0 great sword!
You are too injured to fight recklessly!
You hit the wight.
The wight is almost destroyed.
The wight closely misses you.
You hit the wight but do no damage.
The wight is almost destroyed.
The wight closely misses you.
You barely miss the wight.
The wight is almost destroyed.
The wight hits you with a +0 great sword!
* * * LOW HITPOINT WARNING * * *
You hit the wight but do no damage.
The wight is almost destroyed.
The wight hits you with a +0 great sword!
You die...

# #..###### .# #..# ..#
### #..# ..## #.. #..#
...# #########..# #..##
............#
##..##.#####......#
##.....# #......#
.....########..#@##
..<..>.....##.##z#
#........#.......#
.................####
###†..............).#
#..............##.....#
#............... ...z..#
........#......##.......
..........##...# ...z...


You could see a wight.

Vanquished Creatures
  A water moccasin (D:5)
  A phantom (D:4)
  A scorpion (D:4)
  2 wights (D:6)
  An orc priest (D:5)
  A hound (D:4)
  An iguana (D:5)
  An orc wizard (D:5)
  6 adders
  A white imp (D:5)
  3 dart slugs
  12 orcs
  7 ball pythons
  8 bats
  9 endoplasms
  6 giant cockroaches
  3 goblins
  7 hobgoblins
  11 jackals
  7 kobolds
  2 quokkas
  7 frilled lizards
  4 rats
102 creatures vanquished.

Notes
Turn   | Place    | Note
-------+----------+-------------------------------------------
     0 | D:1      | BeingJoeMalik the Gargoyle Monk began the quest for the
                  | Orb.
     0 | D:1      | Reached XP level 1. HP: 14/14 MP: 1/1
    92 | D:1      | Reached XP level 2. HP: 19/19 MP: 2/2
   326 | D:1      | Reached skill level 4 in Maces & Flails
   497 | D:1      | Reached XP level 3. HP: 23/23 MP: 3/3
   955 | D:2      | Found Tomyx's Magic Scroll Emporium.
  1277 | D:2      | Bought a scroll of fear for 40 gold pieces
  1277 | D:2      | Bought a scroll of identify for 20 gold pieces
  1277 | D:2      | Bought a scroll of teleportation for 30 gold pieces
  1355 | D:3      | Reached XP level 4. HP: 27/28 MP: 4/4
  1622 | D:3      | Reached skill level 5 in Maces & Flails
  2134 | D:2      | Bought a scroll of enchant weapon for 75 gold pieces
  2233 | D:4      | Identified the ring of Voebb {rC+ rCorr Slay+3}
  2319 | D:4      | Found a hide-covered altar of Uskayaw.
  2462 | D:4      | Found Inwu's Weapon Boutique.
  2569 | D:4      | Found a bloodstained altar of Trog.
  2621 | D:4      | Found a sacrificial altar of Ru.
  2685 | D:4      | Reached XP level 5. HP: 30/32 MP: 5/5
  2775 | D:4      | Reached skill level 6 in Maces & Flails
  2854 | D:4      | Reached XP level 6. HP: 37/37 MP: 6/6
  3185 | D:5      | Entered Level 5 of the Dungeon
  3185 | D:5      | Found a staircase to the Ecumenical Temple.
  3193 | Temple   | Entered the Ecumenical Temple
  3198 | Temple   | Became a worshipper of Makhleb the Destroyer
  3198 | Temple   | Reached * piety under Makhleb
  3198 | Temple   | Reached ** piety under Makhleb
  3318 | D:5      | Reached skill level 7 in Maces & Flails
  3447 | D:5      | Noticed a water moccasin
  3464 | D:5      | Killed a water moccasin
  3465 | D:5      | Reached skill level 1 in Invocations
  3465 | D:5      | Reached XP level 7. HP: 37/41 MP: 4/7
  3606 | D:5      | Found a glowing golden altar of the Shining One.
  3773 | D:5      | Found a shimmering blue altar of Sif Muna.
  4015 | D:6      | Found Ducasof's Book Emporium.
  4139 | D:6      | Found Oraezxer's Antique Armour Boutique.
  4203 | D:6      | Reached skill level 8 in Maces & Flails
  4212 | D:6      | Slain by a wight

Illustrated notes

Levels and vault maps discovered:
D:1:      psy_arrival_terrarium, layout_rooms
D:2:      layout_basic, serial_shops, nicolae_shop_gibbet_a_chance,
          kennysheep_crisscross
D:3:      layout_basic
D:4:      layout_gridville, nicolae_uskayaw_murder_on_the_dancefloor,
          nicolae_ru_awakened_eye, mainiacjoe_overflow_24_doors, serial_shops,
          shop, roderic_lattice_a, minmay_pentomino_pile
D:5:      layout_basic, tso_altar, lemuel_blue_sif_altar,
          minmay_temple_entry_trees
D:6:      layout_rooms, serial_aquarium, aquarium_bridge_straight
          [aquarium_subvault_bridge, aquarium_subvault_wall,
          aquarium_subvault_bridge, aquarium_subvault_window],
          aquarium_window_corridor_2, aquarium_window_fake,
          aquarium_window_fake, aquarium_window_2, aquarium_view_2d,
          aquarium_view_2c, aquarium_balcony_3b, serial_shops,
          nicolae_shop_tiny_statue_garden, shop, shop, shop,
          nicolae_book_shop_shelving, grunt_decor_cap, kennysheep_flooded_box
Temple:   minmay_freezing_vapour_temple

Skill      XL: |  1  2  3  4  5  6  7 |
---------------+----------------------+-----
Maces & Flails | 4 5 6 7 8 |  8.0
Invocations    | 1 |  1.8
Fighting       | |  3.8
Dodging        | |  2.4

Action                     |  1- 3 |  4- 6 |  7- 9 || total
---------------------------+-------+-------+-------++-------
  Melee: Mace              |   109 |   152 |    37 ||   298
    Use: Potion            |       |     1 |       ||     1
         Scroll            |       |       |     4 ||     4
 Armour: Robe              |    64 |    88 |    26 ||   178
  Dodge: Dodged            |    81 |   116 |    24 ||   221
